 Dungeon Crawl Stone Soup version 0.31-a0-232-gb1c03b2570 (webtiles) character file.

Game seed: 5405451518967912866

21 qw the Shooter (level 2, -1/17 HPs)
             Began as a Gargoyle Hexslinger on July 7, 2023.
             Slain by a ball python (2 damage)
             ... on level 2 of the Dungeon.
             The game lasted 00:00:19 (866 turns).

qw the Shooter (Gargoyle Hexslinger)                 Turns: 866, Time: 00:00:20

Health: -1/17      AC:  6    Str: 11    XL:     2   Next: 87%
Magic:  3/3        EV:  8    Int: 13    God:
Gold:   42         SH:  0    Dex: 12    Spells: 2/3 levels left

rFire   . . .        Y - +1 sling
rCold   . . .        (no shield)
rNeg    + . .        f - +0 leather armour
rPois   inf          d - +0 helmet
rElec   +            (no cloak)
rCorr   .            (no gloves)
SInv    .            (no boots)
Will    .....        (no amulet)
Stlth   +            (no ring)
HPRegen 0.22/turn    (no ring)
MPRegen 0.08/turn

%: no passive effects
@: constricted
A: sickness immunity, AC +2, negative energy resistance 1, electricity
resistance, torment resistance 1, petrification resistance
a: no special abilities


You were on level 2 of the Dungeon.
You visited 1 branch of the dungeon, and saw 2 of its levels.

You collected 42 gold pieces.


Innate Abilities, Weirdness & Mutations

You are immune to sickness and miasma.
Your stone body is resilient. (AC +2)
You are immune to poison.
You resist negative energy. (rN+)
You are resistant to electric shocks. (rElec)
You are resistant to unholy torment.
You are immune to petrification.


   Skills:
 + Level 1.8 Fighting
 - Level 3.0 Ranged Weapons
 - Level 1.5 Dodging
 - Level 1.0 Spellcasting
 - Level 2.6 Hexes


You had 2 spell levels left.
You knew the following spells:

 Your Spells              Type           Power      Damage    Failure   Level
a - Slow                  Hex            28%        N/A       12%         1

Your spell library contained the following spells:

 Spells                   Type           Power      Damage    Failure   Level
 Inner Flame              Hex/Fire       4%         N/A       54%         3
 Portal Projectile        Hex/Tloc       8%         N/A       54%         3
 Cause Fear               Hex            3%         N/A       77%         4

Inventory:

Hand Weapons
 Y - a +1 sling (weapon)
Armour
 d - a +0 helmet (worn)
 f - a +0 leather armour (worn)
Potions
 e - a potion of heal wounds {unknown}

Dungeon Overview and Level Annotations

Branches:
Dungeon (2/15)

Altars:


Message History

A goblin comes into view. It is wielding a +0 club.
You shoot a sling bullet.
The sling bullet barely misses the ball python.
The ball python misses you. The ball python barely misses you.
The ball python constricts you.
A hobgoblin comes into view.
The ball python bites you but does no damage.
The ball python bites you. The ball python constricts you.
You shoot a sling bullet. The hobgoblin shouts!
The sling bullet hits the ball python.
The ball python is severely wounded.
The dart slug barely misses you.
The ball python bites you but does no damage.
The ball python barely misses you. The ball python constricts you.
You shoot a sling bullet.
The sling bullet closely misses the ball python.
The ball python closely misses you. The endoplasm closely misses you.
The ball python bites you but does no damage.
The ball python constricts you.
The dart slug bites you but does no damage.
The ball python bites you.
The endoplasm hits you but does no damage.
The ball python bites you. The ball python constricts you.
You shoot a sling bullet.
The sling bullet closely misses the ball python.
The ball python closely misses you. The ball python bites you.
The dart slug bites you but does no damage.
The ball python bites you but does no damage.
The ball python constricts you. The endoplasm freezes you.
You are frozen.
You shoot a sling bullet. The sling bullet hits the ball python.
You kill the ball python!
The ball python barely misses you. The ball python grabs you.
The ball python constricts you.
The ball python bites you but does no damage.
The endoplasm freezes you.
You are frozen.
The dart slug bites you. The ball python bites you. x2
You die...

#.........
......)!..
##.........
..........
###.........
>....g.....
#gSJ......
#@..#
#S.w......
...........
..##.........
## #.........
#.........
..^.......
..........


You could see a dart slug, an endoplasm, a hobgoblin, a goblin and 2 ball
pythons.

Vanquished Creatures
  A dart slug (D:1)
  2 endoplasms (D:1)
  A giant cockroach (D:1)
  3 goblins (D:1)
  2 quokkas (D:1)
  7 ball pythons
  A frilled lizard (D:1)
  A kobold (D:1)
  2 rats (D:1)
20 creatures vanquished.

Notes
Turn   | Place    | Note
-------+----------+-------------------------------------------
     0 | D:1      | qw the Gargoyle Hexslinger began the quest for the Orb.
     0 | D:1      | Reached XP level 1. HP: 12/12 MP: 2/2
     0 | D:1      | 0 ||| qw: Version: 0.3-a-46-gb1f654a
     0 | D:1      | 0 ||| qw: Game counter: 2290
     0 | D:1      | 0 ||| qw: Melee chars always use a shield: true
     0 | D:1      | 0 ||| qw: God list: Okawaru
     0 | D:1      | 0 ||| qw: Allow faded altars: false
     0 | D:1      | 0 ||| qw: Do Orc after clearing Dungeon:15 true
     0 | D:1      | 0 ||| qw: Do second Lair branch before Depths: true
     0 | D:1      | 0 ||| qw: Lair rune preference: random
     0 | D:1      | 0 ||| qw: Goals: Normal
     0 | D:1      | 0 ||| PLANNING D:1-11
   207 | D:1      | Reached XP level 2. HP: 15/16 MP: 3/3
   265 | D:1      | Reached skill level 3 in Ranged Weapons
   725 | D:1      | 725 ||| UPGRADING to +0 helmet.
   730 | D:1      | 730 ||| UPGRADING to +0 leather armour.
   740 | D:1      | 740 ||| DROPPING +0 robe.
   741 | D:1      | 741 ||| DROPPING ring of flight.
   742 | D:1      | 742 ||| READING scroll labelled QULYUD EFAT.
   743 | D:1      | 743 ||| READING scroll labelled ROCI TAYXZOAXTOFI.
   744 | D:1      | 744 ||| DRINKING 2 blue potions.
   849 | D:1      | 849 ||| DROPPING scroll of poison.
   850 | D:1      | 850 ||| DROPPING potion of berserk rage.
   866 | D:2      | HP: 3/17 [dart slug (2)]
   866 | D:2      | HP: 1/17 [ball python (2)]
   866 | D:2      | Slain by a ball python

Levels and vault maps discovered:
D:1:      lightli_arrival_windingriver, layout_loops_ring
D:2:      layout_rooms

Skill      XL: |  1  2 |
---------------+-------+-----
Ranged Weapons | 3 |  3.0
Fighting       | |  1.8
Dodging        | |  1.5
Spellcasting   | |  1.0
Hexes          | |  2.6

Action                     || total
---------------------------++-------
   Fire: Sling             ||    72
    Use: Scroll            ||     2
         Potion            ||     1
 Armour: Robe              ||     3
         Leather armour    ||     9
  Dodge: Dodged            ||    24

Table legend:
 A = Non-vault XP
 B = Vault XP
 C = Vault XP percentage of total XP
 D = Non-vault monster count
 E = Vault monster count
 F = Vault count percentage of total count
                 A         B        C        D         E       F
            +---------+---------+-------+---------+---------+-------
      Total |      33 |       0 |   0.0 |      20 |       0 |   0.0
            +---------+---------+-------+---------+---------+-------
        D:1 |      31 |       0 |   0.0 |      19 |       0 |   0.0
        D:2 |       2 |       0 |   0.0 |       1 |       0 |   0.0
            +---------+---------+-------+---------+---------+-------
